 Dungeon Crawl Stone Soup version 0.25-a0-737-g26c3a87 (webtiles) character file.

Game seed: 14819442244399246693, levelgen mode: deterministic

20591 Ardor the Martial Artist (level 12, -6/93 HPs)
             Began as a Merfolk Transmuter on Apr 12, 2020.
             Was the Champion of Wu Jian.
             Mangled by a five-headed hydra (11 damage)
             ... on level 1 of the Lair of Beasts.
             The game lasted 00:39:14 (14005 turns).

Ardor the Martial Artist (Merfolk Transmuter)      Turns: 14005, Time: 00:39:14

Health: -6/93      AC: 13    Str: 14    XL:     12   Next: 81%
Magic:  10/18      EV: 16    Int: 16    God:    Wu Jian [******]
Gold:   808        SH:  0    Dex: 16    Spells: 2/19 levels left

rFire    . . .     SeeInvis +   J - +2 scimitar (flame)
rCold    . . .     Gourm    .   (no shield)
rNeg     . . .     Faith    .   N - +2 troll leather armour
rPois    .         Spirit   .   B - +0 helmet
rElec    .         Reflect  .   r - +0 cloak
rCorr    .         Harm     .   c - +2 pair of gloves
MR       .....                  (no boots)
Stlth    +.........             A - amulet of regeneration
HPRegen  1.05/turn              h - +3 ring of evasion
MPRegen  0.16/turn              M - ring of see invisible

@: very slightly contaminated, invisible
A: change form in water, swift swim, stealthy swim, rugged brown scales 1,
clever 1, strong 1
a: Wall Jump, Serpent's Lash, Heavenly Storm, Renounce Religion


You were on level 1 of the Lair of Beasts.
You worshipped Wu Jian.
Wu Jian was exalted by your worship.
You were not hungry.

You visited 3 branches of the dungeon, and saw 14 of its levels.
You also visited: Bailey.

You collected 844 gold pieces.
You spent 36 gold pieces at shops.

Inventory:

Hand Weapons
 J - a +2 scimitar of flaming (weapon)
 S - a +2 vampiric executioner's axe
Missiles
 a - 115 arrows
Armour
 c - a +2 pair of gloves (worn)
 r - a +0 cloak (worn)
 x - a +2 scale mail of fire resistance
 B - a +0 helmet (worn)
 N - a +2 troll leather armour (worn)
Magical Staves
 p - an uncursed staff of conjuration
Jewellery
 h - a +3 ring of evasion (left hand)
 o - an uncursed ring of protection from magic
 A - an amulet of regeneration (around neck)
 D - an uncursed amulet of magic regeneration
 E - an uncursed ring of magical power
 F - an uncursed ring of protection from fire
 M - a ring of see invisible (right hand)
 O - an uncursed ring of resist corrosion {unknown}
Wands
 m - a wand of acid (7)
 R - a wand of iceblast (11)
 U - a wand of disintegration (16)
Scrolls
 e - 2 scrolls of teleportation
 n - 6 scrolls of remove curse
 q - 4 scrolls of enchant armour
 v - 6 scrolls of enchant weapon
 y - 2 scrolls of fog
 G - a scroll of fear
 H - a scroll of silence {unknown}
 K - 2 scrolls of immolation
 Q - a scroll of identify
Potions
 b - 3 potions of brilliance
 g - 6 potions of might
 i - 3 potions of heal wounds
 j - 7 potions of curing
 l - 2 potions of haste
 s - a potion of mutation
 t - 3 potions of ambrosia
 u - 4 potions of flight
 w - 2 potions of lignification {unknown}
 z - 3 potions of resistance
 C - 2 potions of stabbing
 I - 3 potions of degeneration {unknown}
 L - 3 potions of berserk rage {unknown}
 P - a potion of cancellation {unknown}
Comestibles
 d - 24 rations


   Skills:
 + Level 7.4 Fighting
 - Level 5.0 Armour
 - Level 2.6 Dodging
 * Level 14.5 Unarmed Combat
 - Level 4.2 Spellcasting
 + Level 4.2 Conjurations
 + Level 5.1 Hexes
 - Level 5.3 Charms
 - Level 10.0 Transmutations
 - Level 3.0 Air Magic


You had 2 spell levels left.
You knew the following spells:

 Your Spells              Type           Power        Failure   Level  Hunger
a - Beastly Appendage     Tmut           #####.       1%          1    None
b - Sticks to Snakes      Tmut           #####...     1%          2    ##.....
c - Blade Hands           Tmut           #####.....   10%         5    ######.
d - Swiftness             Chrm/Air       ###.....     5%          2    ##.....
e - Tukima's Dance        Hex            ###.....     8%          3    ###....
f - Dazzling Flash        Conj/Hex       ###...       9%          3    ###....
g - Corona                Hex            ###....      2%          1    None

Your spell library contained the following spells:

 Spells                   Type           Power        Failure   Level  Hunger
 Shock                    Conj/Air       ##..         4%          1    None
 Passwall                 Tmut/Erth      ###.....     4%          2    ##.....
 Foxfire                  Conj/Fire      ##..         9%          1    None
 Ensorcelled Hibernation  Hex/Ice        ##....       11%         2    ##.....
 Sandblast                Erth           #.....       21%         1    None
 Summon Butterflies       Summ           #.......     21%         1    None
 Sublimation of Blood     Necr           #.........   30%         2    ##.....
 Confusing Touch          Hex            ###.....     8%          3    ###....
 Spider Form              Tmut/Pois      ###.......   8%          3    ###....
 Static Discharge         Conj/Air       ##......     14%         3    ###....
 Ignite Poison            Fire/Tmut/Pois ##......     16%         3    ###....
 Conjure Flame            Conj/Fire      ##......     26%         3    ###....
 Ice Form                 Ice/Tmut       ###.....     26%         4    ####...
 Petrify                  Tmut/Erth      ###.....     26%         4    ####...
 Irradiate                Conj/Tmut      ####......   30%         5    ######.
 Airstrike                Air            ##........   50%         4    ####...
 Call Canine Familiar     Summ           #.......     52%         3    ###....
 Alistair's Intoxication  Tmut/Pois      ###.....     58%         5    ######.
 Sticky Flame             Conj/Fire      ##......     65%         4    ####...
 Lightning Bolt           Conj/Air       ##........   77%         5    ######.
 Summon Mana Viper        Hex/Summ       ##......     89%         5    ######.
 Summon Ice Beast         Ice/Summ       #.......     90%         4    ####...
 Fireball                 Conj/Fire      ##........   94%         5    ######.
 Eringya's Noxious Bog    Tmut/Pois      ###.......   99%         6    #######
 Summon Hydra             Summ           #.........   100%        7    #######


Dungeon Overview and Level Annotations

Branches:
Dungeon (12/15)            Temple (1/1) D:7            Lair (1/6) D:10
    Orc (0/2) D:11         Bailey (visited)

Altars:
Cheibriados
Fedhas
Makhleb
Nemelex Xobeh
Qazlal
Sif Muna
Trog
Vehumet
Wu Jian
Xom

Shops:
D:8 ((   D:11 *


Innate Abilities, Weirdness & Mutations

You revert to your normal form in water.
You are very nimble and swift while swimming.
You are very stealthy in the water. (Stealth+)
You are partially covered in rugged brown scales. (AC +1, +3% HP)
Your mind is acute. (Int +2)
Your muscles are strong. (Str +2)


Message History

The five-headed hydra misses you.
The five-headed hydra bites you but does no damage.
The five-headed hydra barely misses you. x2
You barely miss the five-headed hydra.
The five-headed hydra is moderately wounded.
The five-headed hydra closely misses you.
The five-headed hydra completely misses you.
The five-headed hydra closely misses you. x2
The five-headed hydra barely misses you.
Unknown command.
You barely miss the five-headed hydra. You punch the five-headed hydra!
The five-headed hydra is heavily wounded.
The five-headed hydra bites you.
* * * LOW HITPOINT WARNING * * *
The five-headed hydra barely misses you.
The five-headed hydra bites you!
* * * LOW HITPOINT WARNING * * *
The five-headed hydra closely misses you.
The five-headed hydra bites you!
You die...

#.###........#.# #
#..........##
...##............ ##
#.##..........##
####.###.P#........#.#
.................##.#
.$##.#.##.........#.#.#
#.....D...####.#......#
#@....#..........
##.......#...###.#
#...###.##.### ## ##..#
####.# ##.# #.# #.# .#
#.# ..# #.#


You could see a five-headed hydra.

Vanquished Creatures
  Harold (D:8)
  A rakshasa (D:12)
  A hydra (Lair:1)
  A two-headed ogre (D:11)
  The ghost of jejorda2 the Fighter, a journeyman VSBe of Trog (D:10)
  A deep elf knight (D:12)
  An unseen horror (D:12)
  The ghost of fooot the Cleaver, a novice MiFi of Okawaru (D:6)
  Pikel (D:7)
  4 orc knights (Bailey)
  A wolf spider (D:12)
  An ugly thing (D:11)
  2 cyclopes (D:11)
  A black mamba (Lair:1)
  A black mamba (shapeshifter) (D:12)
  A gargoyle (D:12)
  A spiny frog (Lair:1)
  A kobold demonologist (D:11)
  An efreet (D:12)
  A komodo dragon (Lair:1)
  A troll (D:9)
  Grinder (D:3)
  20 yaks
  A basilisk (D:12)
  Edmund (D:5)
  A water moccasin (Lair:1)
  3 sky beasts
  15 orc warriors
  3 ice beasts
  3 black bears
  3 phantoms
  A slave (D:7)
  A necrophage (D:7)
  6 ogres
  4 centaurs
  2 big kobolds (D:10)
  A wyvern zombie (D:8)
  5 bullfrogs
  A water moccasin skeleton (D:9)
  3 scorpions
  A killer bee (D:7)
  A wight (D:12)
  2 howler monkeys
  6 crimson imps
  2 jellies (D:8)
  A bullfrog zombie (D:12)
  A bullfrog skeleton (D:12)
  3 centaur skeletons
  4 hounds
  6 orc priests
  6 iguanas
  9 orc wizards
  6 worker ants
  A hound zombie (D:5)
  2 worker ant zombies
  Robin (D:4)
  5 gnolls
  A howler monkey skeleton (D:9)
  12 adders
  2 shadow imps
  An ooze (D:5)
  2 adder skeletons
  2 worms
  3 dart slugs
  6 leopard geckos
  93 orcs
  9 ball pythons
  9 giant cockroaches
  9 hobgoblins
  5 jackals
  4 quokkas
  9 bats
  6 frilled lizards
  14 goblins
  18 kobolds
  A leopard gecko zombie (D:6)
  A quokka skeleton (D:9)
  6 rats
370 creatures vanquished.

Vanquished Creatures (collateral kills)
  An ugly thing (D:9)
  A spriggan (D:7)
  A basilisk (D:11)
  A centaur (D:7)
  2 crocodiles
  2 scorpions
  2 killer bees (D:7)
  2 orc priests
  2 orc wizards
  A hound (D:7)
  A worker ant (D:6)
  A hound skeleton (D:7)
  5 gnolls
  4 adders
  9 orcs
35 creatures vanquished.

Vanquished Creatures (others)
  A worker ant (D:9)
  7 fungi (D:10)
  3 plants (D:10)
11 creatures vanquished.

Grand Total: 416 creatures vanquished

Notes
Turn   | Place    | Note
-------+----------+-------------------------------------------
     0 | D:1      | Ardor the Merfolk Transmuter began the quest for the Orb.
     0 | D:1      | Reached XP level 1. HP: 15/15 MP: 3/3
   519 | D:1      | Reached XP level 2. HP: 21/21 MP: 5/5
   825 | D:1      | Learned a level 2 spell: Sticks to Snakes
  1175 | D:2      | Reached XP level 3. HP: 18/27 MP: 4/6
  1176 | D:2      | Reached skill level 4 in Unarmed Combat
  1639 | D:2      | Reached XP level 4. HP: 25/33 MP: 4/7
  2016 | D:2      | Reached XP level 5. HP: 34/39 MP: 8/8
  2037 | D:2      | Reached skill level 5 in Unarmed Combat
  2688 | D:3      | Learned a level 5 spell: Blade Hands
  2751 | D:3      | Noticed Grinder
  2755 | D:3      | Paralysed by Grinder for 6 turns
  2773 | D:3      | Killed Grinder
  2773 | D:3      | Reached XP level 6. HP: 21/47 MP: 5/9
  2976 | D:3      | Found an ornate altar of the Wu Jian Council.
  2983 | D:3      | Became a worshipper of the Wu Jian Council
  3080 | D:3      | Reached skill level 5 in Transmutations
  3082 | D:3      | Reached skill level 6 in Unarmed Combat
  3794 | D:3      | Reached XP level 7. HP: 52/53 MP: 10/10
  4064 | D:4      | Reached * piety under Wu Jian
  4295 | D:3      | Reached skill level 7 in Unarmed Combat
  4576 | D:4      | Reached skill level 1 in Armour
  4652 | D:4      | Noticed Robin
  4699 | D:4      | Killed Robin
  4699 | D:4      | Reached XP level 8. HP: 59/60 MP: 11/11
  4846 | D:5      | Entered Level 5 of the Dungeon
  4874 | D:5      | Learned a level 2 spell: Swiftness
  4980 | D:5      | Noticed Edmund
  4997 | D:5      | Killed Edmund
  5016 | D:5      | Reached skill level 1 in Charms
  5099 | D:5      | Found a blossoming altar of Fedhas.
  5141 | D:5      | Reached ** piety under Wu Jian
  5141 | D:5      | Reached skill level 8 in Unarmed Combat
  5613 | D:5      | Found a burning altar of Makhleb.
  5687 | D:6      | Found a runed translucent door.
  5687 | D:6      | Noticed fooot's ghost (novice MiFi)
  5750 | D:6      | HP: 3/60 [fooot's ghost (6)]
  5752 | D:6      | Killed fooot's ghost
  5752 | D:6      | Reached skill level 9 in Unarmed Combat
  5752 | D:6      | Reached XP level 9. HP: 4/65 MP: 12/12
  6134 | D:6      | Got a bloodstained robe
  6135 | D:6      | Identified the +1 robe of Qocenkua {Str-5 Int+5 Stlth+}
                  | (You found it on level 6 of the Dungeon)
  6140 | D:6      | Gained mutation: Your mind is acute. (Int +2) [potion of
                  | mutation]
  6140 | D:6      | Gained mutation: Your muscles are strong. (Str +2) [potion
                  | of mutation]
  6140 | D:6      | Gained mutation: You are partially covered in rugged brown
                  | scales. (AC +1, +3% HP) [potion of mutation]
  6721 | D:7      | Reached *** piety under Wu Jian
  7028 | D:7      | Noticed Pikel
  7059 | D:7      | Killed Pikel
  7059 | D:7      | Reached skill level 10 in Unarmed Combat
  7090 | D:7      | Found a staircase to the Ecumenical Temple.
  7104 | Temple   | Entered the Ecumenical Temple
  7471 | D:7      | Found a stormy altar of Qazlal.
  7867 | D:8      | Noticed Harold
  7892 | D:8      | Killed Harold
  7892 | D:8      | Reached skill level 5 in Charms
  7892 | D:8      | Reached XP level 10. HP: 15/73 MP: 13/13
  7996 | D:8      | Found Xalem's Antique Weapon Shoppe.
  8331 | D:8      | Reached skill level 11 in Unarmed Combat
  8415 | D:8      | Reached **** piety under Wu Jian
  8464 | D:8      | Reached skill level 1 in Air Magic
  8581 | D:8      | Found Qaaph's Weapon Emporium.
  8814 | D:9      | Noticed a cyan ugly thing
  8831 | D:9      | Killed a cyan ugly thing
  9350 | D:9      | Found a radiant altar of Vehumet.
  9466 | D:9      | Reached ***** piety under Wu Jian
 10188 | D:9      | Got a warped flail
 10189 | D:9      | Identified the +8 flail "Merfolk's Bane" {drain, rC+} (You
                  | found it on level 9 of the Dungeon)
 10355 | D:10     | Entered Level 10 of the Dungeon
 10361 | D:10     | Reached skill level 5 in Fighting
 10410 | D:10     | Found a runed translucent door.
 10410 | D:10     | Found a shimmering altar of Xom.
 10410 | D:10     | Noticed a +1 rapier of chaos
 10410 | D:10     | Noticed jejorda2's ghost (journeyman VSBe)
 10541 | D:10     | Reached skill level 10 in Transmutations
 10632 | D:10     | Found a staircase to the Lair.
 10706 | D:10     | Reached XP level 11. HP: 81/81 MP: 16/16
 10794 | D:10     | Killed jejorda2's ghost
 10794 | D:10     | Reached skill level 12 in Unarmed Combat
 11317 | D:11     | Found a staircase to the Orcish Mines.
 11506 | D:11     | Noticed a cyclops
 11511 | D:11     | Killed a cyclops
 11586 | D:11     | Noticed a red ugly thing
 11592 | D:11     | Killed a red ugly thing
 11944 | D:11     | Learned a level 3 spell: Tukima's Dance
 11948 | D:11     | Learned a level 3 spell: Dazzling Flash
 11950 | D:11     | Learned a level 1 spell: Corona
 11969 | D:11     | Noticed a two-headed ogre
 11984 | D:11     | Killed a two-headed ogre
 11984 | D:11     | Reached skill level 1 in Hexes
 11988 | D:11     | Reached skill level 1 in Conjurations
 12107 | D:11     | Reached skill level 5 in Armour
 12224 | D:11     | Found Laruoro's General Store.
 12231 | D:11     | Bought a scroll of identify for 36 gold pieces
 12269 | D:11     | Noticed a cyclops
 12284 | D:11     | Reached skill level 13 in Unarmed Combat
 12289 | D:11     | Killed a cyclops
 12507 | D:12     | Found a flagged portal.
 12532 | Bailey   | Entered a bailey
 12840 | Bailey   | Noticed an orc knight
 12840 | Bailey   | Noticed an orc knight
 12877 | Bailey   | Killed an orc knight
 12877 | Bailey   | Reached XP level 12. HP: 38/90 MP: 18/18
 13368 | D:12     | Noticed a rakshasa
 13376 | D:12     | Reached ****** piety under Wu Jian
 13377 | D:12     | Noticed a deep elf knight
 13384 | D:12     | Killed a deep elf knight
 13388 | D:12     | Killed a rakshasa
 13388 | D:12     | Reached skill level 14 in Unarmed Combat
 13394 | D:12     | HP: 4/91 [wolf spider (19)]
 13511 | D:12     | Identified the Volume of Ashen Ignition
 13656 | Lair:1   | Entered Level 1 of the Lair of Beasts
 13853 | Lair:1   | Noticed a seven-headed hydra
 13875 | Lair:1   | Killed a one-headed hydra
 13883 | Lair:1   | Reached skill level 5 in Hexes
 13991 | Lair:1   | Noticed a seven-headed hydra
 14005 | Lair:1   | Mangled by a five-headed hydra

Levels and vault maps discovered:
D:1:      wander_arrival_abandoned_jail, layout_loops_cross
D:2:      layout_loops_ring, minmay_snake_closets
D:3:      layout_basic, overflow_temple_1_default, first_ration, uniq_grinder
D:4:      layout_basic, uniq_robin
D:5:      cheibrodos_iron_armory, layout_loops_ring, fedhas_ov_isle_minmay,
          makhleb_grotto_becter, serial_glass, glass_columns_a, glass_columns_b,
          minmay_strange_pillars, minmay_strange_pillars, item_on_display_a,
          feat_on_display, chequers_serial_rivers_micro_b, uniq_edmund
D:6:      layout_basic, hellmonk_ghost_happy_afterlife
D:7:      layout_layer_cave, minmay_temple_entry_large_hall, the_bakery,
          nicolae_qazlal_style_of_elements, uniq_pikel
D:8:      layout_gridville, serial_shops, shop, kennysheep_little_box,
          special_room [special_room_orc], minmay_misc_feat_cross,
          minmay_fractal_squares_gapless_5, uniq_harold
D:9:      layout_stronghold, fiery_altar_vehumet
D:10:     layout_loops_corners, grunt_lair_entry_orc_guard_hut,
          ebering_ghost_xom
D:11:     layout_stronghold, david_orc_2, serial_shops, shop,
          serial_bayou_pond_e, chequers_avenue
D:12:     minmay_the_grid_square_5x5_3x3 [minmay_the_grid_square_5x5_shrine2,
          minmay_the_grid_square_5x5_minibox,
          minmay_the_grid_square_5x5_inner_i,
          minmay_the_grid_square_5x5_pentomino_r,
          minmay_the_grid_square_5x5_megaprize_crossed,
          minmay_the_grid_square_5x5_gyroscope,
          minmay_the_grid_square_5x5_almost_minimal,
          minmay_the_grid_square_5x5_bridge, minmay_the_grid_square_5x5_fat_x],
          layout_loops_cross, enter_bailey_2, drop_trap, hex_tiny
Temple:   regret_index_temple_mists
Lair:1:   layout_loops_ring

Skill      XL: |  1  2  3  4  5  6  7  8  9 10 11 12 |
---------------+-------------------------------------+-----
Transmutations | 3 4 5 6 7 9 10 | 10.0
Unarmed Combat | 4 5 6 7 9 10 11 13 14 | 14.5
Fighting       | 2 3 4 5 6 7 |  7.4
Armour         | 1 2 4 5 |  5.0
Charms         | 3 5 |  5.3
Air Magic      | 2 3 |  3.0
Spellcasting   | 3 4 |  4.2
Hexes          | 3 5 |  5.1
Conjurations   | 2 4 |  4.2
Dodging        | |  2.6

Action                   |  1- 3 |  4- 6 |  7- 9 | 10-12 || total
-------------------------+-------+-------+-------+-------++-------
Melee: Unarmed           |   152 |    84 |       |   406 ||   642
       Punch             |     3 |       |       |    19 ||    22
       Headbutt          |       |     3 |    16 |    30 ||    49
       Quarterstaff      |       |   138 |   427 |   260 ||   825
       Flail             |       |       |       |    27 ||    27
       Scimitar          |       |       |       |    21 ||    21
 Cast: Beastly Appendage |     1 |     1 |    11 |    17 ||    30
       Sticks to Snakes  |     1 |     6 |    48 |    27 ||    82
       Blade Hands       |       |       |       |    20 ||    20
       Dazzling Flash    |       |       |       |     3 ||     3
       Corona            |       |       |       |     1 ||     1
Invok: Lunge             |       |     5 |    16 |    43 ||    64
       Whirlwind         |       |       |     7 |    12 ||    19
  Use: Scroll            |     3 |       |    15 |    13 ||    31
       Potion            |       |     2 |     5 |     7 ||    14
 Stab: Distracted        |       |     1 |     5 |     1 ||     7
  Eat: Chunk             |     2 |     8 |    13 |    28 ||    51
       Ration            |       |       |     2 |       ||     2
Armor: Robe              |     5 |       |       |       ||     5
       Leather armour    |    21 |       |       |       ||    21
       Ring mail         |    33 |    94 |   173 |       ||   300
       Scale mail        |       |       |       |   192 ||   192
       Troll leather arm |       |       |       |   102 ||   102
Dodge: Dodged            |   108 |   145 |   350 |   494 ||  1097
       Rpst.: Scimitar   |       |       |       |     3 ||     3

Table legend:
 A = Non-vault XP
 B = Vault XP
 C = Vault XP percentage of total XP
 D = Non-vault monster count
 E = Vault monster count
 F = Vault count percentage of total count
                 A         B        C        D         E       F
            +---------+---------+-------+---------+---------+-------
      Total |   16756 |   12660 |  43.0 |     283 |     121 |  30.0
            +---------+---------+-------+---------+---------+-------
        D:1 |      31 |       0 |   0.0 |      17 |       0 |   0.0
        D:2 |     116 |      52 |  31.0 |      29 |       8 |  21.6
        D:3 |     339 |     217 |  39.0 |      36 |       2 |   5.3
        D:4 |     423 |      36 |   7.8 |      19 |      12 |  38.7
        D:5 |     327 |     199 |  37.8 |      10 |       2 |  16.7
        D:6 |     344 |     604 |  63.7 |      24 |       1 |   4.0
        D:7 |    1184 |     727 |  38.0 |      21 |       2 |   8.7
        D:8 |     691 |    1153 |  62.5 |      14 |      28 |  66.7
        D:9 |    1750 |       0 |   0.0 |      39 |       0 |   0.0
       D:10 |     762 |    1658 |  68.5 |      22 |       9 |  29.0
       D:11 |    5995 |       6 |   0.1 |      28 |       2 |   6.7
       D:12 |    1241 |    4372 |  77.9 |      13 |      15 |  53.6
     Lair:1 |    3553 |       0 |   0.0 |      11 |       0 |   0.0
     Bailey |       0 |    3636 | 100.0 |       0 |      40 | 100.0
            +---------+---------+-------+---------+---------+-------
